% Time on Ice - PHOENIX MUSTANGS
Lines # - Real PCT - Wanted PCT - Time Play
Normal Forward
1 - 34% - 34% - 15:35
2 - 34% - 33% - 15:38
3 - 26% - 25% - 11:50
4 - 5% - 8% - 2:27
Normal Defense
1 - 38% - 42% - 17:21
2 - 35% - 35% - 15:52
3 - 27% - 23% - 12:17
4 - 0% - 0% - 0:00
PP Forward
1 - 46% - 55% - 1:50
2 - 54% - 45% - 2:08
PP Defense
1 - 61% - 60% - 2:26
2 - 39% - 40% - 1:32
PK Forward
1 - 59% - 55% - 4:24
2 - 41% - 45% - 3:00
PK Defense
1 - 72% - 60% - 5:19
2 - 28% - 40% - 2:05
PK3 Forward
1 - 32% - 50% - 0:22
2 - 68% - 50% - 0:47
PK3 Defense
1 - 20% - 55% - 0:14
2 - 80% - 45% - 0:55
44 Forward
1 - 49% - 50% - 0:58
2 - 51% - 50% - 1:01
44 Defense
1 - 55% - 60% - 1:05
2 - 45% - 40% - 0:54
Last Minute Offensive  - 0:00
Last Minute Defensive  - 0:00
Total
Forward - 60:00
Defense - 60:00
% Time on Ice - ANCHORAGE ACES
Lines # - Real PCT - Wanted PCT - Time Play
Normal Forward
1 - 33% - 36% - 14:55
2 - 31% - 33% - 14:18
3 - 26% - 28% - 11:50
4 - 10% - 3% - 4:27
Normal Defense
1 - 35% - 35% - 16:06
2 - 35% - 35% - 16:02
3 - 27% - 23% - 12:19
4 - 2% - 7% - 1:03
PP Forward
1 - 51% - 50% - 4:21
2 - 49% - 50% - 4:12
PP Defense
1 - 60% - 55% - 5:07
2 - 40% - 45% - 3:26
PK Forward
1 - 69% - 55% - 2:45
2 - 31% - 45% - 1:13
PK Defense
1 - 60% - 55% - 2:22
2 - 40% - 45% - 1:36
PK3 Forward
1 - 0% - 55%
2 - 0% - 45%
PK3 Defense
1 - 0% - 55%
2 - 0% - 45%
44 Forward
1 - 100% - 55% - 1:59
2 - 0% - 45% - 0:00
44 Defense
1 - 100% - 55% - 1:59
2 - 0% - 45% - 0:00
Last Minute Offensive  - 0:00
Last Minute Defensive  - 0:00
Total
Forward - 60:00
Defense - 60:00
Play-by-Play 1st period 0:01 of 1st period - Jonathan Miller wins face-off versus Connor McDavid in neutral zone. 0:30 of 1st period - Shot by Kristopher Letang. 0:30 of 1st period - Stopped by Darcy Kuemper with a rebound. 0:53 of 1st period - Off-side. 0:54 of 1st period - Phillip Danault wins face-off versus Christian Fischer in neutral zone. 1:01 of 1st period - Shot by Chris Kreider. 1:01 of 1st period - Shot Misses the Net. 1:18 of 1st period - Filip Hronek is hit by Radko Gudas and loses puck. 1:37 of 1st period - Christian Fischer is hit by Phillip Danault and loses puck. 2:16 of 1st period - Shot by Conor Sheary. 2:16 of 1st period - Stopped by Darcy Kuemper with a rebound. 2:29 of 1st period - Off-side. 2:30 of 1st period - Jonathan Miller wins face-off versus Connor McDavid in neutral zone. 2:44 of 1st period - Icing by Connor McDavid. 2:45 of 1st period - Juuso Parssinen wins face-off versus Connor McDavid in ANCHORAGE ACES zone. 3:21 of 1st period - Icing by Kristopher Letang. 3:22 of 1st period - Phillip Danault wins face-off versus Juuso Parssinen in PHOENIX MUSTANGS zone. 3:35 of 1st period - Shot by Yegor Sharangovich. 3:35 of 1st period - Deflect By Chris Kreider. 3:35 of 1st period - Shot Misses the Net. 3:50 of 1st period - Off-side. 3:51 of 1st period - Erik Haula wins face-off versus Christian Fischer in neutral zone. 4:04 of 1st period - Shot by Erik Haula. 4:04 of 1st period - Deflect By Alex Killorn. 4:04 of 1st period - Stopped by Jake Allen without a rebound. 4:05 of 1st period - Jonathan Miller wins face-off versus Connor McDavid in PHOENIX MUSTANGS zone. 4:44 of 1st period - Shot by Jonathan Miller. 4:44 of 1st period - Shot Misses the Net. 4:46 of 1st period - Shot by Jonathan Miller. 4:46 of 1st period - Shot Blocked by Nathan MacKinnon. 5:14 of 1st period - Shot by Erik Haula. 5:14 of 1st period - Deflect By Alex Killorn. 5:14 of 1st period - Shot Hit the Post. 5:16 of 1st period - Shot by Marcus Johansson. 5:16 of 1st period - Deflect By Alex Killorn. 5:16 of 1st period - Stopped by Jake Allen without a rebound. 5:17 of 1st period - Phillip Danault wins face-off versus Jesper Fast in PHOENIX MUSTANGS zone. 5:18 of 1st period - Shot by Filip Hronek. 5:18 of 1st period - Shot Misses the Net. 6:03 of 1st period - Phillip Danault is hit by Jesper Fast and loses puck. 6:09 of 1st period - Icing by Ryan Pulock. 6:10 of 1st period - Phillip Danault wins face-off versus Christian Fischer in ANCHORAGE ACES zone. 7:05 of 1st period - Shot by Alex Killorn. 7:05 of 1st period - Stopped by Jake Allen without a rebound. 7:06 of 1st period - Jonathan Miller wins face-off versus Connor McDavid in PHOENIX MUSTANGS zone. 7:06 of 1st period - Andreas Athanasiou is hit by Nathan MacKinnon and loses puck. 7:23 of 1st period - Minor Penalty to Jani Hakanpaa for Tripping. 7:24 of 1st period - Jonathan Miller wins face-off versus Phillip Danault in ANCHORAGE ACES zone. 7:54 of 1st period - Off-side. 7:55 of 1st period - Andrew Copp wins face-off versus Erik Haula in neutral zone. 7:58 of 1st period - Filip Hronek is hit by Andrew Copp and loses puck. 8:07 of 1st period - Shot by Andreas Athanasiou. 8:07 of 1st period - Stopped by Darcy Kuemper without a rebound. 8:08 of 1st period - Phillip Danault wins face-off versus Andrew Copp in ANCHORAGE ACES zone. 9:38 of 1st period - Conor Sheary is hit by Jani Hakanpaa and loses puck. 9:47 of 1st period - Shot by Juuso Parssinen. 9:47 of 1st period - Shot Misses the Net. 10:12 of 1st period - Andrew Copp is hit by Jani Hakanpaa and loses puck. 10:21 of 1st period - Shot by Christian Fischer. 10:21 of 1st period - Shot Misses the Net. 11:08 of 1st period - Phillip Danault is hit by Tom Wilson and loses puck. 11:27 of 1st period - Shot by Andreas Athanasiou. 11:27 of 1st period - Stopped by Darcy Kuemper without a rebound. 11:28 of 1st period - Erik Haula wins face-off versus Juuso Parssinen in ANCHORAGE ACES zone. 11:40 of 1st period - Shot by Marcus Johansson. 11:40 of 1st period - Shot Misses the Net. 11:46 of 1st period - Shot by Alex Killorn. 11:46 of 1st period - Shot Misses the Net. 12:02 of 1st period - Shot by Erik Haula. 12:02 of 1st period - Stopped by Jake Allen with a rebound. 12:04 of 1st period - Shot by Alex Killorn. 12:04 of 1st period - Goal by Alex Killorn - PHOENIX MUSTANGS : 0 - ANCHORAGE ACES : 1. 12:05 of 1st period - Phillip Danault wins face-off versus Jonathan Miller in neutral zone. 13:02 of 1st period - Shot by Connor McDavid. 13:02 of 1st period - Stopped by Jake Allen without a rebound. 13:03 of 1st period - Erik Haula wins face-off versus Christian Fischer in PHOENIX MUSTANGS zone. 13:20 of 1st period - Jakob Chychrun is hit by Andrew Copp and loses puck. 14:11 of 1st period - Shot by Conor Sheary. 14:11 of 1st period - Stopped by Darcy Kuemper without a rebound. 14:12 of 1st period - Connor McDavid wins face-off versus Jonathan Miller in ANCHORAGE ACES zone. 14:25 of 1st period - Shot by Tom Wilson. 14:25 of 1st period - Stopped by Darcy Kuemper with a rebound. 15:02 of 1st period - Off-side. 15:03 of 1st period - Phillip Danault wins face-off versus Christian Fischer in neutral zone. 15:08 of 1st period - Shot by Phillip Danault. 15:08 of 1st period - Stopped by Jake Allen without a rebound. 15:09 of 1st period - Phillip Danault wins face-off versus Juuso Parssinen in PHOENIX MUSTANGS zone. 15:40 of 1st period - Shot by Yegor Sharangovich. 15:40 of 1st period - Shot Misses the Net. 15:42 of 1st period - Shot by Phillip Danault. 15:42 of 1st period - Stopped by Jake Allen with a rebound. 15:55 of 1st period - Phillip Danault is hit by Radko Gudas and loses puck. 16:27 of 1st period - Marcus Johansson is hit by Connor Clifton and loses puck. 16:29 of 1st period - Minor Penalty to Connor Clifton for Hooking. 16:30 of 1st period - Phillip Danault wins face-off versus Jonathan Miller in PHOENIX MUSTANGS zone. 16:53 of 1st period - Shot by Jakob Chychrun. 16:53 of 1st period - Stopped by Jake Allen without a rebound. 16:54 of 1st period - Connor McDavid wins face-off versus Jonathan Miller in PHOENIX MUSTANGS zone. 16:57 of 1st period - Shot by Chris Kreider. 16:57 of 1st period - Shot Misses the Net. 16:59 of 1st period - Shot by Seth Jones. 16:59 of 1st period - Shot Misses the Net. 17:01 of 1st period - Shot by Seth Jones. 17:01 of 1st period - Stopped by Jake Allen without a rebound. 17:02 of 1st period - Jonathan Miller wins face-off versus Connor McDavid in PHOENIX MUSTANGS zone. 18:17 of 1st period - Shot by Nathan MacKinnon. 18:17 of 1st period - Shot Misses the Net. 18:19 of 1st period - Shot by Nathan MacKinnon. 18:19 of 1st period - Stopped by Jake Allen without a rebound. 18:20 of 1st period - Nathan MacKinnon wins face-off versus Andrew Copp in PHOENIX MUSTANGS zone. 18:59 of 1st period - Shot by Jonathan Miller. 18:59 of 1st period - Deflect By Andreas Athanasiou. 18:59 of 1st period - Shot Blocked by Connor McDavid. 19:01 of 1st period - Shot by Tom Wilson. 19:01 of 1st period - Shot Misses the Net. 19:05 of 1st period - Shot by Jonathan Miller. 19:05 of 1st period - Shot Misses the Net. 19:07 of 1st period - Shot by Ilya Lyubushkin. 19:07 of 1st period - Stopped by Darcy Kuemper without a rebound. 19:08 of 1st period - Erik Haula wins face-off versus Christian Fischer in ANCHORAGE ACES zone. 19:30 of 1st period - Minor Penalty to Kristopher Letang for Cross-checking. 19:31 of 1st period - Phillip Danault wins face-off versus Jonathan Miller in PHOENIX MUSTANGS zone. Goals for this period are 0 for PHOENIX MUSTANGS vs 1 for ANCHORAGE ACES. Shots for this period are 7 for PHOENIX MUSTANGS vs 11 for ANCHORAGE ACES. 2nd period 0:01 of 2nd period - Jonathan Miller wins face-off versus Connor McDavid in neutral zone. 0:07 of 2nd period - Minor Penalty to Radko Gudas for Tripping. 0:08 of 2nd period - Connor McDavid wins face-off versus Andrew Copp in PHOENIX MUSTANGS zone. 0:29 of 2nd period - Shot by Filip Hronek. 0:29 of 2nd period - Stopped by Jake Allen without a rebound. 0:30 of 2nd period - Jonathan Miller wins face-off versus Phillip Danault in PHOENIX MUSTANGS zone. 0:30 of 2nd period - Jonathan Miller is hit by Alex Killorn. 1:08 of 2nd period - Shot by Phillip Danault. 1:08 of 2nd period - Stopped by Jake Allen with a rebound. 1:16 of 2nd period - Shot by Phillip Danault. 1:16 of 2nd period - Goal by Phillip Danault - PHOENIX MUSTANGS : 0 - ANCHORAGE ACES : 2. 1:17 of 2nd period - Andrew Copp wins face-off versus Connor McDavid in neutral zone. 1:49 of 2nd period - Shot by Connor McDavid. 1:49 of 2nd period - Stopped by Jake Allen without a rebound. 1:50 of 2nd period - Phillip Danault wins face-off versus Jonathan Miller in PHOENIX MUSTANGS zone. 1:51 of 2nd period - Shot by Nathan MacKinnon. 1:51 of 2nd period - Deflect By Alex Killorn. 1:51 of 2nd period - Stopped by Jake Allen without a rebound. 1:52 of 2nd period - Phillip Danault wins face-off versus Jonathan Miller in PHOENIX MUSTANGS zone. 2:16 of 2nd period - Icing by Connor McDavid. 2:17 of 2nd period - Connor McDavid wins face-off versus Christian Fischer in ANCHORAGE ACES zone. 2:52 of 2nd period - Shot by Christian Fischer. 2:52 of 2nd period - Deflect By Jordan Eberle. 2:52 of 2nd period - Shot Misses the Net. 3:10 of 2nd period - Connor McDavid is hit by Radko Gudas and loses puck. 3:20 of 2nd period - Icing by Jani Hakanpaa. 3:21 of 2nd period - Connor McDavid wins face-off versus Juuso Parssinen in ANCHORAGE ACES zone. 3:58 of 2nd period - Sho